 Dungeon Crawl Stone Soup version bcrawl-1.14 (webtiles) character file.

Game seed: 17465680309875877478

6584 Jorund the Cleaver (level 11, -1/95 HPs)
             Began as a Sand Dwarf Skald on Sept 11, 2019.
             Was an Elder of Okawaru.
             Slain by an orc knight
             ... wielding a +2 dire flail of protection
              (4 damage)
             ... on level 8 of the Dungeon.
             The game lasted 00:21:11 (7350 turns).

Jorund the Cleaver (Sand Dwarf Skald)               Turns: 7350, Time: 00:21:12

Health: -1/95      AC: 15    Str: 16    XL:     11   Next: 1%
Magic:  11/17      EV: 13    Int: 22    God:    Okawaru [****..]
Gold:   570        SH:  0    Dex: 13    Spells: 15/18 levels left

rFire    + . .     SeeInvis +   g - +1 war axe (elec)
rCold    + . .     Gourm    .   (shield restricted)
rNeg     . . .     Faith    .   o - +0 ring mail
rPois    +         Spirit   .   e - +0 helmet
rElec    +         Reflect  .   c - +2 cloak
rCorr    +         Harm     .   m - +0 pair of gloves
MR       ++...                  E - +2 pair of boots of Saesudghy {Int+5 Dex+3}
Stlth    +.........             (no amulet)
HPRegen  0.25/turn              n - ring of protection from magic
MPRegen  0.15/turn              (no ring)

@: resistant, singing, slow
A: small, see invisible, poison resistance, electricity resistance, slowness 1,
armour attunement
a: Heroism, Renounce Religion


You were on level 8 of the Dungeon.
You worshipped Okawaru.
Okawaru was greatly pleased with you.
You were not hungry.

You visited 2 branches of the dungeon, and saw 9 of its levels.

You collected 570 gold pieces.

Inventory:

Hand Weapons
 a - a +0 hand axe
 g - a +1 war axe of electrocution (weapon)
 r - a +0 blowgun
 A - the +1 war axe of Governance {chop, rF+ rN+}
   (You found it on level 7 of the Dungeon)

   It inflicts extra damage upon your enemies.
   It protects you from fire.
   It protects you from negative energy.
 H - a +2 antimagic war axe
Missiles
 q - 1190 poisoned needles
Armour
 c - a +2 cloak (worn)
 e - a +0 helmet (worn)
 m - a +0 pair of gloves (worn)
 o - a +0 ring mail (worn)
 E - the +2 pair of boots of Saesudghy (worn) {Int+5 Dex+3}
   (You found it on level 6 of the Dungeon)

   It affects your intelligence (+5).
   It affects your dexterity (+3).
Jewellery
 n - a ring of protection from magic (left hand)
Wands
 s - a wand of polymorph (24)
 x - a wand of iceblast (1)
 y - a wand of flame (19)
 z - a wand of paralysis (6)
 B - a wand of digging (7)
Scrolls
 d - 2 scrolls of fear
 h - 4 scrolls of identify
 p - 3 scrolls of enchant armour
 t - a scroll of amnesia
 u - 2 scrolls of remove curse
 v - a scroll of magic mapping
 G - 2 scrolls of enchant weapon
 I - a scroll of immolation {unknown}
 J - a scroll of teleportation
Potions
 i - 5 potions of mutation
 j - 2 potions of flight
 k - a potion of ambrosia
 l - a potion of haste
 w - 2 potions of lignification
 C - a potion of brilliance
 D - a potion of heal wounds
Comestibles
 f - 17 rations {!d}
 F - 10 chunks of flesh


   Skills:
 + Level 8.5 Fighting
 + Level 13.8 Axes
 + Level 7.3 Armour
 - Level 1.5 Dodging
 * Level 4.2 Spellcasting
 * Level 5.4 Charms
 + Level 2.4 Evocations


You had 15 spell levels left.
You knew the following spells:

 Your Spells              Type           Power        Failure   Level  Hunger
a - Infusion              Chrm           ####....     1%          1    None
b - Song of Slaying       Chrm           ####....     1%          2    #......

Your spell library contained the following spells:

 Spells                   Type           Power        Failure   Level  Hunger
 Ozocubu's Armour         Chrm/Ice       ###.....     11%         3    ##.....
 Regeneration             Chrm/Necr      ###.......   11%         3    ##.....
 Spectral Weapon          Hex/Chrm       ###.....     11%         3    ##.....


Dungeon Overview and Level Annotations

Branches:
Dungeon (8/12)             Temple (1/1) D:6
   Lair: D:7-9          Orc: D:8-11

Altars:
Ashenzari
Dithmenos
Elyvilon
Fedhas
Gozag
Hepliaklqana
Kikubaaqudgha
Lugonu
Makhleb
Nemelex Xobeh
Okawaru
Qazlal
Ru
Sif Muna
Trog
Vehumet
Xom
Yredelemnul
Zin
The Shining One


Innate Abilities, Weirdness & Mutations

You are small and have problems with some larger weapons.
You cover ground slowly.
Armour does not affect your spellcasting.
You have supernaturally acute eyesight. (SInv)
Your system is resistant to poisons. (rPois)
You are resistant to electric shocks. (rElec)


Message History

Things that are here:
a +0 flail; a +0 chain mail; an orc corpse You closely miss the orc knight.
The orc knight is severely wounded.
The orc knight hits you but does no damage.
Your ring mail prevents you from hitting the orc knight.
The orc knight is severely wounded.
The orc knight hits you but does no damage.
Unknown command.
You hit the orc knight but do no damage.
The orc knight is severely wounded.
You closely miss the orc knight.
The orc knight is severely wounded.
You are no longer magically infusing your attacks.
The orc knight hits you with a +2 dire flail of protection.
* * * LOW HITPOINT WARNING * * *
You closely miss the orc knight.
The orc knight is severely wounded.
The orc knight hits you with a +2 dire flail of protection.
You die...

#..#####.##.# #.. #..
####.##.## #.# ##
####..##........# #.# .
#####...............# #.#
#.#.......###.###..##)# #.#
#.#.>....##..#..##..#)####.##
......)####...####..(...)..#
#....###.##†##.###..#####.##
#....#.##.#@#.##.#..# #...
#.).)#..##o#.##..#..# #..#
#.###.#...###...#...# ##.#
#.# ##..##.#.##..#..# #.#
#.........#.##.#.#.##.#..#
#.# ....###.#####.##.##.# #..
... ... .# ###...### ..# ..
.. ..#.. ..# . .## ##. ...
...#


You could see an orc knight.

Vanquished Creatures
  A two-headed ogre (D:8)
  A centaur warrior (D:8)
  A deep elf mage (D:8)
  Pikel (D:5)
  Joseph (D:7)
  A troll (D:7)
  Grinder (D:4)
  Sigmund (D:3)
  Eustachio (D:4)
  Duvessa (D:4)
  An orc warrior (D:8)
  2 eyes of draining (D:7)
  A phantom (D:5)
  2 sky beasts (D:5)
  An ice beast (D:7)
  2 ogres
  2 crocodiles
  4 centaurs
  5 bullfrogs
  Dowan (D:4)
  A killer bee (D:8)
  6 crimson imps
  A quasit (D:5)
  3 hounds
  4 jellies
  A bullfrog skeleton (D:5)
  3 orc priests
  14 orc wizards
  A centaur skeleton (D:5)
  An iguana (D:4)
  Crazy Yiuf (D:2)
  Ijyb (D:3)
  8 worker ants
  A killer bee zombie (D:8)
  2 hound skeletons (D:6)
  Robin (D:3)
  6 adders
  4 gnolls
  A shadow imp (D:7)
  4 oozes
  2 adder skeletons
  An adder zombie (D:8)
  2 worms
  2 dart slugs (D:1)
  3 leopard geckos
  33 orcs
  3 bats
  4 giant cockroaches
  9 goblins
  19 hobgoblins
  6 jackals
  2 quokkas
  5 frilled lizards
  7 kobolds
  A leopard gecko zombie (D:4)
  6 rats
200 creatures vanquished.

Notes
Turn   | Place    | Note
-------+----------+-------------------------------------------
     0 | D:1      | Jorund the Sand Dwarf Skald began the quest for the Orb.
     0 | D:1      | Reached XP level 1. HP: 18/18 MP: 3/3
   162 | D:1      | Reached XP level 2. HP: 15/25 MP: 5/5
   605 | D:1      | Reached XP level 3. HP: 23/30 MP: 6/6
   976 | D:1      | Learned a level 2 spell: Song of Slaying
  1048 | D:2      | Reached skill level 3 in Axes
  1444 | D:2      | Gained mutation: Your system is resistant to poisons.
                  | (rPois) [potion of mutation]
  1444 | D:2      | Gained mutation: You have supernaturally acute eyesight.
                  | (SInv) [potion of mutation]
  1444 | D:2      | Gained mutation: You are resistant to electric shocks.
                  | (rElec) [potion of mutation]
  1448 | D:2      | Reached XP level 4. HP: 38/38 MP: 7/7
  1687 | D:2      | Found a runed door.
  1833 | D:2      | Found a shimmering blue altar of Sif Muna.
  1965 | D:2      | Noticed Crazy Yiuf
  1975 | D:2      | Killed Crazy Yiuf
  1975 | D:2      | Reached skill level 4 in Axes
  1975 | D:2      | Reached XP level 5. HP: 16/45 MP: 1/8
  2308 | D:3      | Noticed Ijyb
  2310 | D:3      | Noticed Sigmund
  2990 | D:3      | Reached skill level 5 in Axes
  2996 | D:3      | Reached XP level 6. HP: 49/52 MP: 9/9
  3052 | D:3      | Found a shattered altar of Ashenzari.
  3074 | D:3      | Noticed Robin
  3307 | D:3      | Killed Sigmund
  3307 | D:3      | Reached skill level 6 in Axes
  3307 | D:3      | Reached XP level 7. HP: 48/59 MP: 10/10
  3341 | D:3      | Killed Robin
  3485 | D:3      | Killed Ijyb
  3774 | D:3      | Found a blossoming altar of Fedhas.
  3863 | D:4      | Found a white marble altar of Elyvilon.
  4005 | D:4      | Reached skill level 7 in Axes
  4070 | D:4      | Noticed Eustachio
  4109 | D:4      | Killed Eustachio
  4109 | D:4      | Reached skill level 5 in Fighting
  4109 | D:4      | Reached skill level 8 in Axes
  4109 | D:4      | Reached skill level 5 in Armour
  4109 | D:4      | Reached XP level 8. HP: 45/68 MP: 11/11
  4263 | D:4      | Noticed Grinder
  4281 | D:4      | Killed Grinder
  4281 | D:4      | Reached skill level 9 in Axes
  4286 | D:4      | Noticed Dowan
  4294 | D:4      | Killed Dowan
  4549 | D:4      | Found a glowing silver altar of Zin.
  4589 | D:4      | Noticed Duvessa
  4597 | D:4      | Killed Duvessa
  4737 | D:5      | Entered Level 5 of the Dungeon
  4742 | D:5      | Reached skill level 10 in Axes
  4747 | D:5      | Reached XP level 9. HP: 71/75 MP: 12/12
  4798 | D:5      | Reached skill level 1 in Evocations
  4947 | D:5      | Reached skill level 11 in Axes
  4999 | D:5      | Noticed Pikel
  5011 | D:5      | Killed Pikel
  5466 | D:6      | Found a staircase to the Ecumenical Temple.
  5660 | Temple   | Entered the Ecumenical Temple
  5827 | Temple   | Became a worshipper of Warmaster Okawaru
  5954 | D:6      | Reached skill level 12 in Axes
  5971 | D:6      | Found a basalt altar of Yredelemnul.
  6058 | D:6      | Got a pair of twisted boots
  6418 | D:6      | Identified the +2 pair of boots of Saesudghy {Int+5 Dex+3}
                  | (You found it on level 6 of the Dungeon)
  6431 | D:7      | Got a bloodstained war axe
  6436 | D:7      | Identified the cursed +1 war axe of Governance {chop, rF+
                  | rN+} (You found it on level 7 of the Dungeon)
  6443 | D:7      | Found a corrupted altar of Lugonu.
  6500 | D:7      | Reached XP level 10. HP: 72/86 MP: 12/14
  6513 | D:7      | Reached * piety under Okawaru
  6816 | D:7      | Noticed Joseph
  6835 | D:7      | Killed Joseph
  6920 | D:7      | Found a bloodstained altar of Trog.
  6976 | D:7      | Found an ancient bone altar of Kikubaaqudgha.
  6983 | D:7      | Found a burning altar of Makhleb.
  7147 | D:8      | Found a hazy altar of Hepliaklqana.
  7193 | D:8      | Reached ** piety under Okawaru
  7193 | D:8      | Reached skill level 13 in Axes
  7291 | D:8      | Noticed a two-headed ogre
  7299 | D:8      | Killed a two-headed ogre
  7299 | D:8      | Reached *** piety under Okawaru
  7299 | D:8      | Reached skill level 5 in Charms
  7301 | D:8      | Noticed a centaur warrior
  7310 | D:8      | Killed a centaur warrior
  7315 | D:8      | Noticed a deep elf mage
  7321 | D:8      | Noticed an orc knight
  7331 | D:8      | Killed a deep elf mage
  7331 | D:8      | Reached **** piety under Okawaru
  7331 | D:8      | Reached XP level 11. HP: 63/95 MP: 10/17
  7349 | D:8      | HP: 3/95 [orc knight/+2 dire flail of protection (5)]
  7350 | D:8      | Slain by an orc knight

Skill      XL: |  1  2  3  4  5  6  7  8  9 10 |
---------------+-------------------------------+-----
Axes           | 3 4 5 6 8 10 12 13 | 13.8
Fighting       | 3 4 5 6 7 8 |  8.5
Armour         | 2 4 5 6 7 |  7.3
Evocations     | 2 |  2.4
Charms         | 4 5 |  5.4
Spellcasting   | 4 |  4.2
Dodging        | |  1.5

Action                   |  1- 3 |  4- 6 |  7- 9 | 10-12 || total
-------------------------+-------+-------+-------+-------++-------
Melee: Hand axe          |   113 |   117 |       |       ||   230
       War axe           |       |    42 |   281 |   151 ||   474
 Cast: Infusion          |     1 |     3 |       |     1 ||     5
       Song of Slaying   |       |     2 |       |     2 ||     4
Evoke: Wand              |       |       |     6 |     3 ||     9
  Use: Potion            |     1 |     1 |       |     2 ||     4
       Scroll            |       |     5 |    12 |       ||    17
 Stab: Paralysed         |       |       |       |     3 ||     3
  Eat: Chunk             |     2 |     3 |     9 |     3 ||    17
       Ration            |       |     1 |     1 |       ||     2
Armor: Leather armour    |    18 |    21 |       |       ||    39
       Ring mail         |       |    32 |   148 |    46 ||   226
Dodge: Dodged            |    76 |   142 |   205 |    70 ||   493
